[Event "November 21 Early 2023"]
[Site "https://www.chess.com"]
[Date "2023.11.21"]
[Round "11"]
[White "Gontcharov, Vladislav"]
[Black "Galaktionov, Artem"]
[Result "0-1"]
[Board "39"]
[TimeControl "180+1"]
[WhiteFideId "4123492"]
[BlackFideId "24175471"]
[WhiteElo "2420"]
[BlackElo "2367"]
[WhiteTeam "RUS"]
[BlackTeam "RUS"]
[WhiteClock "0:00:00"]
[BlackClock "0:00:43"]

1. d4 c6 2. Nf3 g6 3. e4 d6 4. h3 Bg7 5. Nc3 Nd7 6. Bg5 h6 7. Be3 e5 8. Qd2 Ngf6 9. O-O-O Qa5 10. Kb1 b5 11. dxe5 dxe5 12. Qd6 b4 13. Qxc6 Rb8 14. Nd5 O-O 15. Bc4 Kh7 16. Qc7 Qxc7 17. Nxc7 Nxe4 18. Rhe1 Nb6 19. Bxb6 Nc3+ 20. bxc3 bxc3 21. Nd5 axb6 22. Bb3 Re8 23. Nxc3 f5 24. Nd5 e4 25. Nd4 Bb7 26. Nxb6 Re5 27. Nc4 Re7 28. Ne3 f4 29. Nf1 Ba8 30. a4 Ra7 31. Ka2 Rb4 32. Ne6 Bc3 33. Re2 Bc6 34. Nc5 Ra5 35. Nxe4 Rxe4 36. Rxe4 Bxe4 37. f3 Bc6 38. Rd6 Rc5 39. Nd2 Bb4 40. Nc4 Rxc4 41. Bxc4 Bxd6 42. a5 Bb4 43. a6 Bc5 44. Kb3 Kg7 45. Be6 Kf6 46. Bc8 Bb5 47. c4 Bc6 48. Bb7 Be8 49. Kc3 Ke5 50. Kd3 g5 51. Be4 Bd7 52. Bb7 Bf5+ 53. Kc3 Kd6 54. Bd5 Ba7 55. Bb7 Kc5 56. Bd5 Bb6 57. Bf7 Bc8 58. Kd3 Bf5+ 59. Kc3 Ba5+ 60. Kb3 Kb6 61. Ka4 Kxa6 62. c5 Bc7 63. Kb3 Kb5 64. Kc3 Kxc5 65. Kd2 Bb6 66. Ke1 Kd6 67. Bc4 Ke5 68. Bb5 Be3 69. Be8 Kd4 70. Bb5 Bd3 71. Be8 Kc3 72. Bd7 Bc5 73. Bc6 Bc4 74. Bb7 Kd3 0-1

[Event "November 21 Early 2023"]
[Site "https://www.chess.com"]
[Date "2023.11.21"]
[Round "11"]
[White "Vestby-Ellingsen, Mads"]
[Black "Yeletsky, Ivan"]
[Result "0-1"]
[Board "40"]
[TimeControl "180+1"]
[WhiteFideId "1520857"]
[BlackFideId "24180327"]
[WhiteElo "2241"]
[BlackElo "2358"]
[WhiteTeam "NOR"]
[BlackTeam "RUS"]
[WhiteClock "0:00:02"]
[BlackClock "0:00:10"]

1. a3 a5 2. h3 Ra6 3. e4 Re6 4. Nc3 d5 5. d3 Nf6 6. Be2 dxe4 7. Bg5 exd3 8. cxd3 Nc6 9. Nf3 Nd5 10. O-O Rg6 11. d4 h6 12. Bh4 Bxh3 13. Bg3 Be6 14. Bb5 Bg4 15. Qb3 Bxf3 16. gxf3 e6 17. Ba4 Bd6 18. Qxb7 Bxg3 19. Qxc6+ Kf8 20. fxg3 Ne3 21. Rfe1 Nf5 22. d5 Rxg3+ 23. Kf2 g6 24. Ne4 Rxf3+ 25. Kxf3 Nd4+ 26. Kg2 Nxc6 27. dxc6 Kg7 28. Rad1 Qh4 29. Bc2 Rb8 30. b3 Rb5 31. Rf1 Qg4+ 32. Ng3 Rg5 33. Rf3 Rc5 34. Bd3 Rxc6 35. Bc4 Rd6 36. Rxd6 cxd6 37. Kf2 Qd4+ 38. Kg2 d5 39. Be2 Qb2 40. a4 h5 41. Rf2 Qxb3 42. Bb5 h4 43. Ne2 Qe3 44. Be8 h3+ 45. Kh2 Qxf2+ 46. Kxh3 Qxe2 47. Kh4 Qe4+ 48. Kg5 Qe5+ 49. Kh4 Kf8 0-1

[Event "November 21 Early 2023"]
[Site "https://www.chess.com"]
[Date "2023.11.21"]
[Round "11"]
[White "Predator0608"]
[Black "Narayanan, Srinath"]
[Result "0-1"]
[Board "41"]
[TimeControl "180+1"]
[BlackFideId "5018420"]
[WhiteElo "2598"]
[BlackElo "2442"]
[BlackTeam "IND"]
[WhiteClock "0:00:00"]
[BlackClock "0:00:16"]

1. e4 c5 2. Nf3 d6 3. d4 cxd4 4. Nxd4 Nf6 5. Nc3 Nc6 6. Bg5 e6 7. Qd2 a6 8. O-O-O Be7 9. f4 Bd7 10. Nf3 b5 11. Bxf6 gxf6 12. f5 Qb6 13. g3 O-O-O 14. Bh3 Kb8 15. Ne2 Bc8 16. Nf4 d5 17. Qe2 dxe4 18. Qxe4 Bb7 19. Qe2 Nb4 20. fxe6 fxe6 21. a3 Nxc2 22. Kxc2 Qc6+ 23. Kb1 Qxf3 24. Qxf3 Bxf3 25. Rxd8+ Rxd8 26. Re1 e5 27. Kc2 Rd6 28. Re3 Bb7 29. Ne2 Rc6+ 30. Nc3 Bc5 31. Rf3 Bd4 32. Rf1 Rb6 33. Kb3 a5 34. Kc2 b4 35. axb4 axb4 36. Ne2 b3+ 37. Kd2 Bxb2 38. Rb1 Ba3 39. Kc3 Bd5 40. Bf5 b2 41. Bxh7 Ba2 0-1

[Event "November 21 Early 2023"]
[Site "https://www.chess.com"]
[Date "2023.11.21"]
[Round "11"]
[White "Streltsov, Alexey"]
[Black "luckyswitchback"]
[Result "0-1"]
[Board "42"]
[TimeControl "180+1"]
[WhiteFideId "24104434"]
[WhiteElo "2311"]
[BlackElo "2813"]
[WhiteTeam "ISR"]
[WhiteClock "0:00:03"]
[BlackClock "0:00:16"]

1. d4 Nf6 2. Nc3 d5 3. Bf4 c6 4. f3 Bf5 5. g4 Bg6 6. h4 h5 7. g5 Ng8 8. e4 e6 9. Bd3 dxe4 10. Bxe4 Ne7 11. Nge2 Nd7 12. Qd3 Qa5 13. O-O-O O-O-O 14. Qe3 Bf5 15. Ng3 Nb6 16. Bxf5 Nxf5 17. Nxf5 Qxf5 18. Qe5 Bd6 19. Qxf5 exf5 20. Be5 Bxe5 21. dxe5 g6 22. b3 Nd7 23. Rhe1 Rhe8 24. f4 Nc5 25. b4 Ne6 26. Ne2 Kc7 27. c4 a5 28. a3 axb4 29. axb4 Ra8 30. Kb2 Ra4 31. Kb3 Rea8 32. Nc3 Ra3+ 33. Kc2 Nxf4 34. b5 Ne6 35. b6+ Kxb6 36. Rd7 Kc5 37. Rxb7 Kxc4 38. Re3 Nd4+ 39. Kd2 f4 40. Rh3 f3 41. Ne4 Ra2+ 42. Ke3 Re2+ 43. Kf4 Ra3 44. Nd6+ Kd5 45. Rb1 Ne6+ 46. Kg3 Rg2# 0-1

[Event "November 21 Early 2023"]
[Site "https://www.chess.com"]
[Date "2023.11.21"]
[Round "11"]
[White "Samunenkov, Ihor"]
[Black "NelsonLinda"]
[Result "1-0"]
[Board "43"]
[TimeControl "180+1"]
[WhiteFideId "14187086"]
[WhiteElo "2473"]
[BlackElo "2584"]
[WhiteTeam "UKR"]
[WhiteClock "0:00:09"]
[BlackClock "0:00:00"]

1. d4 Nf6 2. c4 g6 3. Nc3 Bg7 4. e4 d6 5. h3 O-O 6. Be3 Na6 7. g4 c6 8. a3 Nc7 9. Bg2 Rb8 10. Nge2 b5 11. cxb5 cxb5 12. b4 d5 13. e5 Nd7 14. O-O Nb6 15. Nf4 Be6 16. Nd3 f5 17. exf6 exf6 18. Nc5 Bf7 19. Bf4 Re8 20. Qd3 Bf8 21. Nxb5 Nxb5 22. Bxb8 Qxb8 23. Qxb5 Qf4 24. Rfe1 Rd8 25. Ne6 Bxe6 26. Rxe6 Qxd4 27. Rae1 Kg7 28. Re8 Rxe8 29. Qxe8 Bd6 30. Qe3 Qb2 31. Rd1 Qa2 32. Qd3 Be5 33. h4 Nc4 34. Bxd5 Qxa3 35. Bxc4 Qxb4 36. g5 fxg5 37. hxg5 Bc7 38. Qd7+ 1-0

[Event "November 21 Early 2023"]
[Site "https://www.chess.com"]
[Date "2023.11.21"]
[Round "11"]
[White "Kim, Sergey"]
[Black "NovozhilovSemen"]
[Result "1-0"]
[Board "44"]
[TimeControl "180+1"]
[WhiteFideId "13700570"]
[WhiteElo "2581"]
[BlackElo "2752"]
[WhiteTeam "KAZ"]
[WhiteClock "0:00:14"]
[BlackClock "0:00:51"]

1. d4 Nf6 2. c4 e6 3. Nc3 c5 4. d5 exd5 5. cxd5 d6 6. e4 g6 7. Nge2 Bg7 8. Ng3 h5 9. Be2 h4 10. Nf1 Nfd7 11. Bf4 Ne5 12. Qd2 a6 13. a4 Nbd7 14. h3 Rb8 15. Ne3 Qc7 16. O-O c4 17. Ng4 b5 18. axb5 axb5 19. Be3 Nc5 20. Nxe5 Bxe5 21. Qc2 Nb3 22. Ra7 Qd8 23. Nxb5 Bd7 24. Nc7+ Ke7 25. Bxc4 Nd4 26. Qd2 Rxb2 27. Qd1 Nc2 28. Bc1 Qb8 29. Bxb2 Qxa7 30. Bxe5 Qxc7 31. Bxh8 Qxc4 32. Qd2 Nb4 33. Qg5+ Ke8 34. Qxh4 Nd3 35. Bf6 1-0

[Event "November 21 Early 2023"]
[Site "https://www.chess.com"]
[Date "2023.11.21"]
[Round "11"]
[White "Thorfinnsson, Bjorn"]
[Black "Krzyzanowski, Marcin"]
[Result "0-1"]
[Board "45"]
[TimeControl "180+1"]
[WhiteFideId "2300982"]
[BlackFideId "1132199"]
[WhiteElo "2381"]
[BlackElo "2471"]
[WhiteTeam "ISL"]
[BlackTeam "POL"]
[WhiteClock "0:01:53"]
[BlackClock "0:01:37"]

1. d4 Nf6 2. Nf3 d6 3. Bg5 c5 4. c3 Qb6 5. Qb3 Be6 6. Qxb6 axb6 7. a3 Nc6 8. e3 Ne4 9. Nbd2 Nxd2 10. Kxd2 Na5 11. Bb5+ Bd7 12. Bxd7+ Kxd7 13. Kc2 e6 14. Rad1 h6 15. Bh4 Kc6 16. e4 Nc4 17. Rhe1 b5 18. Kc1 b4 19. axb4 cxb4 20. cxb4 g5 21. Bg3 Kb5 22. Nd2 Nxd2 23. Rxd2 Ra1+ 0-1

[Event "November 21 Early 2023"]
[Site "https://www.chess.com"]
[Date "2023.11.21"]
[Round "11"]
[White "Aradhya, Garg"]
[Black "Shubenkova, Veronika"]
[Result "0-1"]
[Board "46"]
[TimeControl "180+1"]
[WhiteFideId "25006746"]
[BlackFideId "44124040"]
[WhiteElo "2323"]
[BlackElo "1967"]
[WhiteTeam "IND"]
[BlackTeam "RUS"]
[WhiteClock "0:01:39"]
[BlackClock "0:01:01"]

1. d4 d5 2. Nf3 e6 3. c4 f5 4. Nc3 Nf6 5. Bf4 c6 6. e3 Bd6 7. Bxd6 Qxd6 8. Rc1 Nbd7 9. Bd3 O-O 10. cxd5 Nxd5 11. O-O a5 12. e4 Nxc3 13. bxc3 fxe4 14. Bxe4 Nf6 15. Bb1 Bd7 16. Re1 a4 17. Ne5 Be8 18. Re3 Bh5 19. g4 Be8 20. Rh3 g6 21. Qd2 b5 22. Qh6 Ra7 23. Bxg6 Bxg6 24. Nxg6 hxg6 25. g5 Rh7 26. Qxg6+ Rg7 27. Qh6 Qf4 28. g6 Qxh6 29. Rxh6 Ng4 30. Rh3 Rxg6 31. Rg3 Kh7 32. c4 b4 33. Rb1 Rb8 34. Re1 Nf6 35. Rxe6 Rxg3+ 36. hxg3 b3 37. axb3 axb3 38. Re1 b2 39. Rb1 Ne4 0-1

[Event "November 21 Early 2023"]
[Site "https://www.chess.com"]
[Date "2023.11.21"]
[Round "11"]
[White "Mohammad Fahad, Rahman"]
[Black "Shuvalov, Evgenij"]
[Result "0-1"]
[Board "47"]
[TimeControl "180+1"]
[WhiteFideId "10207791"]
[BlackFideId "4187237"]
[WhiteElo "2339"]
[BlackElo "2059"]
[WhiteTeam "BAN"]
[BlackTeam "FID"]
[WhiteClock "0:00:08"]
[BlackClock "0:00:13"]

1. e4 e6 2. d4 d5 3. Nd2 c5 4. Ngf3 Nc6 5. exd5 exd5 6. Bb5 Qe7+ 7. Be2 Qc7 8. O-O Nf6 9. Re1 Be6 10. Bb5 O-O-O 11. dxc5 Bxc5 12. Nb3 Bb6 13. h3 Bxh3 14. gxh3 Qg3+ 15. Kh1 Bxf2 16. Rf1 Ne4 17. Nh2 Ne5 18. Bd3 Qxh3 19. Bxe4 dxe4 20. Qe2 e3 21. Nc5 Rd4 22. Qb5 b6 23. Na6 Rh4 24. Qd5 Qxh2# 0-1

[Event "November 21 Early 2023"]
[Site "https://www.chess.com"]
[Date "2023.11.21"]
[Round "11"]
[White "aghasiyevkamal"]
[Black "Timerkhanov, Alexander"]
[Result "1/2-1/2"]
[Board "48"]
[TimeControl "180+1"]
[BlackFideId "24177938"]
[WhiteElo "2562"]
[BlackElo "2278"]
[BlackTeam "RUS"]
[WhiteClock "0:00:08"]
[BlackClock "0:00:59"]

1. e4 c6 2. d4 d5 3. exd5 cxd5 4. Bd3 Nc6 5. c3 Nf6 6. h3 g6 7. Nf3 Bf5 8. Be2 Qc7 9. O-O Bg7 10. Be3 O-O 11. Qc1 Rfe8 12. Bf4 Qc8 13. Nbd2 Ne4 14. Re1 a6 15. Nf1 b5 16. Ne3 Be6 17. Bd3 f5 18. Bc2 Bf7 19. Bb3 Qd7 20. Ng5 Nxg5 21. Bxg5 e5 22. dxe5 Nxe5 23. Rd1 Nc4 24. Nxc4 bxc4 25. Bxc4 Rec8 26. Bb3 d4 27. Qd2 Bxb3 28. axb3 Qf7 29. cxd4 Qxb3 30. d5 Qxb2 31. Qe3 Re8 32. Qd3 Bd4 33. Bh4 Re2 34. Rf1 Rd2 35. Qf3 Qb6 36. Rab1 Qd6 37. Bg3 Be5 38. Bxe5 Qxe5 39. Rfe1 Qxd5 40. Qxd5+ Rxd5 41. Re7 f4 42. Rbb7 Rh5 43. Kh2 a5 44. g4 fxg3+ 45. fxg3 a4 46. g4 Rh6 47. Ra7 Rxa7 48. Rxa7 g5 49. Rxa4 Rc6 50. Ra2 Kg7 51. Rf2 Kg6 52. Kg2 Rc3 53. Rf3 Rc6 54. Kg3 Re6 55. Rd3 h5 56. gxh5+ Kxh5 57. Rf3 Re4 58. Rd3 Ra4 59. Rf3 Re4 60. Rd3 Rf4 61. Rf3 Rxf3+ 62. Kxf3 Kh4 63. Kg2 g4 64. hxg4 Kxg4 1/2-1/2

[Event "November 21 Early 2023"]
[Site "https://www.chess.com"]
[Date "2023.11.21"]
[Round "11"]
[White "Alinasab, Mobina"]
[Black "Sadykov, Ramil"]
[Result "0-1"]
[Board "49"]
[TimeControl "180+1"]
[WhiteFideId "12528897"]
[BlackFideId "24113590"]
[WhiteElo "2052"]
[BlackElo "2245"]
[WhiteTeam "IRI"]
[BlackTeam "FID"]
[WhiteClock "0:00:00"]
[BlackClock "0:00:12"]

1. Nf3 d6 2. d4 g6 3. b3 Bg7 4. Bb2 c5 5. g3 Nc6 6. Bg2 cxd4 7. Nxd4 Qb6 8. c3 Nf6 9. O-O O-O 10. Nxc6 bxc6 11. c4 Rb8 12. Nc3 Rd8 13. Rc1 c5 14. Nd5 Nxd5 15. Bxg7 Ne3 16. fxe3 Kxg7 17. Bd5 f6 18. h4 Bg4 19. Rf4 h5 20. Qd2 a5 21. Rcf1 a4 22. bxa4 Qb2 23. Qxb2 Rxb2 24. Ra1 Rd7 25. Bc6 Ra7 26. Rff1 Rxe2 27. Rfe1 Rxe1+ 28. Rxe1 Bd7 29. Bb5 Bxb5 30. axb5 Rxa2 31. Rb1 Kf7 32. e4 Ke6 33. Kf1 Kd7 34. Rb3 Kc7 35. g4 hxg4 36. Rg3 f5 37. exf5 gxf5 38. Rg2 Ra1+ 39. Kf2 Rh1 40. Kg3 e5 41. Rh2 Rg1+ 42. Kf2 Ra1 43. h5 f4 0-1

[Event "November 21 Early 2023"]
[Site "https://www.chess.com"]
[Date "2023.11.21"]
[Round "11"]
[White "Al-Tarboush, Ward"]
[Black "Malyi, Viacheslav"]
[Result "1-0"]
[Board "50"]
[TimeControl "180+1"]
[WhiteFideId "7601450"]
[BlackFideId "14123983"]
[WhiteElo "2280"]
[BlackElo "2291"]
[WhiteTeam "NOR"]
[BlackTeam "UKR"]
[WhiteClock "0:00:07"]
[BlackClock "0:00:22"]

1. e4 e5 2. Nf3 Nc6 3. Bb5 a6 4. Ba4 Nf6 5. O-O Be7 6. d3 b5 7. Bb3 d6 8. a3 O-O 9. Nc3 Be6 10. Nd5 Nd4 11. Nxd4 exd4 12. Nxf6+ Bxf6 13. Bxe6 fxe6 14. Qg4 Qd7 15. f4 Rad8 16. Bd2 c5 17. Rae1 e5 18. Qxd7 Rxd7 19. f5 c4 20. g4 h6 21. Kg2 Bh4 22. Rc1 Rc8 23. Kh3 Bg5 24. Bxg5 hxg5 25. Kg3 Rdc7 26. Rce1 cxd3 27. cxd3 Rc2 28. Rf2 Kf7 29. Ref1 Kf6 30. Rxc2 Rxc2 31. Rf2 Rc1 32. Rd2 Ke7 33. Kf2 a5 34. Kf3 b4 35. axb4 axb4 36. Ke2 b3 37. Rd1 Rc2+ 38. Rd2 Rc8 39. Kd1 d5 40. exd5 Kd6 41. h4 gxh4 42. Rh2 Rh8 43. Ke2 Kxd5 44. Kf3 h3 45. g5 e4+ 46. dxe4+ Ke5 47. g6 Rh4 48. Kg3 Rxe4 49. Rf2 h2 50. Kxh2 Rf4 51. Rxf4 Kxf4 52. f6 d3 53. f7 d2 54. f8=Q+ Ke3 55. Qe7+ Kf2 56. Qd6 Ke1 57. Qe6+ Kd1 58. Qxb3+ Kc1 59. Qc3+ 1-0

[Event "November 21 Early 2023"]
[Site "https://www.chess.com"]
[Date "2023.11.21"]
[Round "11"]
[White "Burovic00"]
[Black "Ahmad, Khagan"]
[Result "1-0"]
[Board "51"]
[TimeControl "180+1"]
[BlackFideId "13431552"]
[WhiteElo "2539"]
[BlackElo "2160"]
[BlackTeam "AZE"]
[WhiteClock "0:01:11"]
[BlackClock "0:00:04"]

1. e4 c5 2. d3 Nc6 3. g3 d5 4. exd5 Qxd5 5. Nf3 Bg4 6. Bg2 Nd4 7. Nbd2 Qe6+ 8. Kf1 Nxf3 9. Nxf3 Nf6 10. h3 Bh5 11. g4 Bg6 12. Nh4 Qd7 13. Qf3 e6 14. Qxb7 Qxb7 15. Bxb7 Rb8 16. Bc6+ Kd8 17. b3 Be7 18. Bf4 Rb6 19. Nxg6 hxg6 20. Bf3 Nd5 21. Be5 Bf6 22. Bxf6+ gxf6 23. Bxd5 exd5 24. Re1 g5 25. Kg2 Kd7 26. Re3 f5 27. Re5 fxg4 28. hxg4 Rxh1 29. Kxh1 Re6 30. Rxd5+ Kc6 31. Rxg5 Re2 32. Rf5 Rxc2 33. Rxf7 Rxa2 34. g5 Ra6 35. f4 Kd5 36. f5 Kd4 37. g6 Ke3 38. g7 Kf2 39. f6 Ra1+ 40. Kh2 Rg1 41. Rf8 Rg6 42. Rh8 1-0

[Event "November 21 Early 2023"]
[Site "https://www.chess.com"]
[Date "2023.11.21"]
[Round "11"]
[White "Arhan_Anand"]
[Black "Hajiyev, Kanan"]
[Result "1-0"]
[Board "52"]
[TimeControl "180+1"]
[BlackFideId "13404148"]
[WhiteElo "2655"]
[BlackElo "2102"]
[BlackTeam "AZE"]
[WhiteClock "0:01:16"]
[BlackClock "0:00:07"]

1. d4 c6 2. c4 d5 3. cxd5 cxd5 4. Nc3 Nf6 5. Bf4 a6 6. e3 Nc6 7. Nf3 Bg4 8. Bd3 e6 9. O-O Bd6 10. Bxd6 Qxd6 11. h3 Bh5 12. Be2 O-O 13. Nd2 Bxe2 14. Qxe2 b5 15. Rac1 Rac8 16. a4 b4 17. Na2 Na5 18. Rc5 Rxc5 19. dxc5 Qxc5 20. Qxa6 Nc4 21. Rc1 Qa5 22. Qxa5 Nxa5 23. Nxb4 h5 24. Nd3 Rb8 25. b4 Ne4 26. Nf3 Nc4 27. Nd4 g6 28. Nc6 Rb7 29. a5 Rc7 30. b5 Ned6 31. Rb1 Nxb5 32. Rxb5 Rxc6 33. Nb4 Rc7 34. a6 Nd6 35. Rb6 Rd7 36. Nc6 Kg7 37. a7 Nc8 38. a8=Q Nxb6 39. Qa1+ Kh7 40. Ne5 Rc7 41. Qa5 Rc1+ 42. Kh2 Nc4 43. Qc7 Nxe5 44. Qxc1 Kg7 45. Qb2 f6 46. Qb7+ Nf7 47. Qd7 e5 48. Qxd5 h4 49. Qe6 g5 50. Kg1 Nh6 51. Qe7+ Kg6 52. e4 Nf7 53. Qe8 Kg7 54. Kf1 Nd6 55. Qd7+ Nf7 56. Ke2 Kg6 57. Qf5+ Kg7 58. Kd3 Nh6 59. Qe6 Nf7 60. g3 Kg6 61. gxh4 gxh4 62. Qg4+ Ng5 63. Qxh4 Kf7 64. Qg4 Ne6 65. h4 Ke7 66. h5 Nf4+ 67. Ke3 Kf7 68. Qxf4 exf4+ 69. Kxf4 Ke6 70. h6 Kf7 71. Kf5 1-0

[Event "November 21 Early 2023"]
[Site "https://www.chess.com"]
[Date "2023.11.21"]
[Round "11"]
[White "Erzhanov, Arman"]
[Black "Skliarov, Viktor"]
[Result "1-0"]
[Board "53"]
[TimeControl "180+1"]
[WhiteFideId "4138821"]
[BlackFideId "14106736"]
[WhiteElo "2171"]
[BlackElo "2304"]
[WhiteTeam "KAZ"]
[BlackTeam "UKR"]
[WhiteClock "0:01:04"]
[BlackClock "0:00:08"]

1. e4 c5 2. Nf3 Nc6 3. Bb5 e6 4. b3 Nge7 5. Bb2 a6 6. Bxc6 Nxc6 7. O-O f6 8. Nh4 g6 9. f4 d5 10. f5 gxf5 11. exf5 e5 12. Qh5+ Kd7 13. Ng6 hxg6 14. Qxh8 g5 15. Nc3 Ne7 16. Qh7 Kc6 17. Qf7 Nxf5 18. g4 d4 19. Ne4 Qd5 20. Qxd5+ Kxd5 21. Nxf6+ Ke6 22. Rxf5 1-0

[Event "November 21 Early 2023"]
[Site "https://www.chess.com"]
[Date "2023.11.21"]
[Round "11"]
[White "Pourkashiyan, Atousa"]
[Black "Aaditya Dhingra"]
[Result "1/2-1/2"]
[Board "54"]
[TimeControl "180+1"]
[WhiteFideId "12502014"]
[BlackFideId "25678191"]
[WhiteElo "2221"]
[BlackElo "2269"]
[WhiteTeam "USA"]
[BlackTeam "IND"]
[WhiteClock "0:00:20"]
[BlackClock "0:00:10"]

1. e4 c6 2. d4 d5 3. exd5 cxd5 4. Bd3 Nc6 5. c3 Nf6 6. Ne2 Bg4 7. O-O e6 8. f3 Bh5 9. Bf4 Bd6 10. Nd2 Bg6 11. Nb3 Qc7 12. Bxd6 Qxd6 13. Qd2 O-O 14. Bxg6 hxg6 15. Nf4 Rfe8 16. Nd3 e5 17. dxe5 Nxe5 18. Nxe5 Rxe5 19. Rae1 Rae8 20. Nd4 g5 21. Rxe5 Qxe5 22. Rd1 g4 23. fxg4 Nxg4 24. Nf3 Qe7 25. Re1 Qc5+ 26. Qd4 Qxd4+ 27. cxd4 Rxe1+ 28. Nxe1 f6 29. Nc2 Kf7 30. h3 Nh6 31. Kf2 Nf5 32. g4 Nd6 33. Ne3 Ke6 34. Kf3 Nb5 35. Nc2 Nd6 36. Kf4 Ne4 37. Ne3 g5+ 38. Kf3 Nd2+ 39. Ke2 Nc4 40. Nd1 f5 41. b3 Nd6 42. gxf5+ Kxf5 43. Kf3 Nb5 44. Ne3+ Ke6 45. Kg4 Nxd4 46. Kxg5 Ke5 47. h4 Ke4 48. Nd1 Nf3+ 49. Kg4 Ne5+ 50. Kg5 Nf3+ 51. Kg4 d4 52. h5 Ne5+ 53. Kg5 d3 54. h6 Nf7+ 55. Kg6 Nxh6 56. Kxh6 Kf3 57. Kg5 Ke2 58. Nc3+ Kd2 59. Ne4+ Ke3 60. Kf5 d2 61. Nc3 Kd3 62. Nd1 Kc2 63. Ne3+ Kc1 64. Ke4 Kb2 65. Kd3 Kxa2 66. Kc3 Ka3 67. Nc2+ Ka2 68. Ne3 Ka3 69. Nd1 Ka2 70. Kc2 Ka3 71. Nc3 Kb4 72. Nb1 a5 73. Nxd2 a4 74. bxa4 Kxa4 75. Kc3 Kb5 76. Ne4 Kc6 77. Kc4 b5+ 78. Kb4 Kd5 79. Nc3+ Ke6 80. Ne2 Kf7 81. Nc1 Kg6 82. Na2 Kf5 83. Nc3 Kg4 84. Kc5 Kf3 85. Ne4 Kg2 86. Kd4 Kf3 87. Nc3 Kg4 88. Nb1 Kf5 89. Kc3 b4+ 90. Kxb4 1/2-1/2

[Event "November 21 Early 2023"]
[Site "https://www.chess.com"]
[Date "2023.11.21"]
[Round "11"]
[White "Boruchovsky, Avital"]
[Black "Panda Sambit"]
[Result "1-0"]
[Board "55"]
[TimeControl "180+1"]
[WhiteFideId "2800055"]
[BlackFideId "25091794"]
[WhiteElo "2450"]
[BlackElo "2216"]
[WhiteTeam "ISR"]
[BlackTeam "IND"]
[WhiteClock "0:00:06"]
[BlackClock "0:00:00"]

1. d4 d5 2. Bf4 e6 3. Nf3 c5 4. e3 Nc6 5. c3 Nf6 6. Nbd2 cxd4 7. exd4 Nh5 8. Be3 Bd6 9. Ne5 g6 10. f4 f6 11. Nxc6 bxc6 12. g4 Nxf4 13. Qf3 g5 14. O-O-O Rb8 15. h4 Qa5 16. Nc4 dxc4 17. Qxc6+ Ke7 18. Qxc4 Bb7 19. Rh2 Bd5 20. Qa6 Qxa6 21. Bxa6 Nd3+ 22. Bxd3 Bxh2 23. hxg5 Bd6 24. Rf1 Bxa2 25. gxf6+ Kf7 26. g5 Bd5 27. Kc2 Bb3+ 28. Kd2 e5 29. Ra1 Rb7 30. Be4 Rc7 31. d5 Rd8 32. Rh1 Kg8 33. Ke2 Bf8 34. g6 hxg6 35. Bxg6 Bxd5 36. Rg1 Bc4+ 37. Kf3 Bd5+ 38. Kg4 Bc5 39. Bxc5 Rxc5 40. Kf5 e4 41. Ke5 Bb7+ 42. Kf4 Kf8 43. Rh1 Kg8 44. Rh7 Bc6 45. Rg7+ Kf8 46. Rh7 1-0

[Event "November 21 Early 2023"]
[Site "https://www.chess.com"]
[Date "2023.11.21"]
[Round "11"]
[White "Deng, Henry"]
[Black "Weetik, Vjacheslav"]
[Result "1/2-1/2"]
[Board "56"]
[TimeControl "180+1"]
[WhiteFideId "30965454"]
[BlackFideId "4153472"]
[WhiteElo "2550"]
[BlackElo "2469"]
[WhiteTeam "USA"]
[BlackTeam "RUS"]
[WhiteClock "0:00:50"]
[BlackClock "0:00:13"]

1. e4 c5 2. Nc3 Nc6 3. Bb5 e6 4. Bxc6 bxc6 5. f4 d5 6. d3 Ba6 7. Nf3 Nf6 8. O-O dxe4 9. Ne5 Rc8 10. Re1 exd3 11. cxd3 Be7 12. Be3 O-O 13. Qa4 Bb5 14. Nxb5 cxb5 15. Qxb5 Qd5 16. Qc4 Rfd8 17. b3 Qb7 18. Rad1 Nd5 19. Bf2 Qb4 20. Qxb4 cxb4 21. Rc1 Bf6 22. g3 Bxe5 23. fxe5 Nc3 24. Rc2 a5 25. d4 Nd5 26. Rec1 Rc3 27. Be1 Rxc2 28. Rxc2 h5 29. Rc5 Ra8 30. Rb5 Kh7 31. Kf2 Kg6 32. Kf3 a4 33. Bxb4 axb3 34. axb3 Ra2 35. h3 Rh2 36. h4 Kf5 37. Bf8 Rc2 38. Rb7 Rc3+ 39. Kf2 Rc2+ 40. Kf3 Rc3+ 41. Kf2 Kg6 42. b4 Rb3 43. b5 Rb2+ 44. Kf3 Rb3+ 45. Kf2 Rb2+ 46. Kf3 Rb3+ 47. Kf2 1/2-1/2

[Event "November 21 Early 2023"]
[Site "https://www.chess.com"]
[Date "2023.11.21"]
[Round "11"]
[White "Kazmin_Semyon"]
[Black "Starozhilov, Leonid"]
[Result "1-0"]
[Board "57"]
[TimeControl "180+1"]
[BlackFideId "14106752"]
[WhiteElo "2535"]
[BlackElo "2270"]
[BlackTeam "UKR"]
[WhiteClock "0:00:37"]
[BlackClock "0:00:00"]

1. e4 g6 2. d4 Bg7 3. Nc3 d6 4. Be3 a6 5. f3 b5 6. Qd2 Nd7 7. h4 h5 8. Nh3 Ngf6 9. Ng5 Nh7 10. Nxh7 Rxh7 11. g4 hxg4 12. fxg4 Nf6 13. g5 Nh5 14. Bg2 c6 15. O-O-O Qc7 16. Qf2 e6 17. Rhf1 Bb7 18. Bh3 Qe7 19. Ne2 Kf8 20. e5 Rd8 21. exd6 Rxd6 22. d5 cxd5 23. Bc5 Bh8 24. Nd4 Bc8 25. Qh2 e5 26. Bxc8 Kg8 27. Bxd6 Qxd6 28. Ne2 Rg7 29. Bg4 Rh7 30. Qf2 Qb4 31. Bxh5 gxh5 32. g6 fxg6 33. Qb6 Re7 34. Qxg6+ Bg7 35. Rxd5 1-0

[Event "November 21 Early 2023"]
[Site "https://www.chess.com"]
[Date "2023.11.21"]
[Round "11"]
[White "Ferreira, Vitor Hugo Vieira"]
[Black "Volkov, Maksim"]
[Result "0-1"]
[Board "58"]
[TimeControl "180+1"]
[WhiteFideId "2119765"]
[BlackFideId "54123070"]
[WhiteElo "2123"]
[BlackElo "2293"]
[WhiteTeam "BRA"]
[BlackTeam "RUS"]
[WhiteClock "0:00:00"]
[BlackClock "0:00:46"]

1. d4 a6 2. h4 b5 3. h5 h6 4. e4 Bb7 5. Bd3 d6 6. Ne2 e6 7. Ng3 Nd7 8. a4 b4 9. Nd2 c5 10. c3 Ngf6 11. Nc4 d5 12. exd5 exd5 13. Qe2+ Ne4 14. Nxe4 dxe4 15. Bxe4 Bxe4 16. Qxe4+ Be7 17. Nd6+ Kf8 18. Nf5 Nf6 19. Qf3 cxd4 20. cxd4 Rc8 21. O-O Nd5 22. Re1 Bf6 23. Bd2 g6 24. Nxh6 Kg7 25. hxg6 fxg6 26. Ng4 Bxd4 27. Rad1 Qh4 28. g3 Qh5 29. Bc1 Rcf8 30. Qg2 Qxg4 31. Rxd4 Qxd4 32. Bg5 Rxf2 33. Re7+ Rf7+ 34. Be3 Qd1+ 0-1

[Event "November 21 Early 2023"]
[Site "https://www.chess.com"]
[Date "2023.11.21"]
[Round "11"]
[White "Jakubowski, Krzysztof"]
[Black "Pinheiro, Iung Alicio de O."]
[Result "0-1"]
[Board "59"]
[TimeControl "180+1"]
[WhiteFideId "1112848"]
[BlackFideId "2104350"]
[WhiteElo "2369"]
[BlackElo "2283"]
[WhiteTeam "POL"]
[BlackTeam "BRA"]
[WhiteClock "0:00:49"]
[BlackClock "0:00:18"]

1. e4 e5 2. Nf3 Nc6 3. Bc4 Nf6 4. Ng5 d5 5. exd5 b5 6. Bf1 Nd4 7. c3 Nxd5 8. Ne4 Qh4 9. Ng3 Bg4 10. f3 Nf5 11. Bxb5+ Kd8 12. O-O Nxg3 13. hxg3 Qxg3 14. fxg4 Bc5+ 15. d4 exd4 16. Rf3 d3+ 17. Kh1 Qxg4 18. Bxd3 Qh5+ 0-1

[Event "November 21 Early 2023"]
[Site "https://www.chess.com"]
[Date "2023.11.21"]
[Round "11"]
[White "Nagare Kaivalya Sandip"]
[Black "Mystery2007"]
[Result "0-1"]
[Board "60"]
[TimeControl "180+1"]
[WhiteFideId "25957929"]
[WhiteElo "2024"]
[BlackElo "2525"]
[WhiteTeam "IND"]
[WhiteClock "0:01:21"]
[BlackClock "0:00:02"]

1. e4 a6 2. d4 e6 3. Nf3 d5 4. exd5 exd5 5. Bd3 Nf6 6. O-O Be7 7. h3 O-O 8. Re1 h6 9. Bf4 Bd6 10. Qd2 Nc6 11. Nc3 Nb4 12. Ne5 Nxd3 13. cxd3 Bf5 14. Re3 c5 15. Ne2 Qb6 16. Bxh6 gxh6 17. Rg3+ Kh7 18. Qf4 Bg6 19. Qxf6 Qd8 20. Rxg6 fxg6 21. Qxg6+ Kh8 22. Qxh6+ Kg8 23. Qg6+ Kh8 24. Nf7+ Rxf7 25. Qxf7 Qg5 26. dxc5 Rf8 27. Qe6 Bxc5 28. d4 Ba7 29. a4 Bb8 30. Qe3 Qf6 31. Ra3 Rg8 32. Qf3 Qg6 33. Qxd5 Qb1+ 34. Nc1 Qxc1# 0-1